 Dungeon Crawl Stone Soup version 0.31-a0-365-gcf821cafb2 (webtiles) character file.

Game seed: 9993732812566536151

44 EonArisen the Magician (level 3, -1/25 HPs)
             Began as a Demonspawn Hedge Wizard on July 27, 2023.
             Was a Believer of Fedhas.
             Slain by a jackal (2 damage)
             ... on level 3 of the Dungeon.
             The game lasted 00:10:26 (968 turns).

EonArisen the Magician (Demonspawn Hedge Wizard)     Turns: 968, Time: 00:10:26

Health: -1/25      AC:  2    Str: 12    XL:     3   Next: 39%
Magic:  7/7        EV: 12    Int: 15    God:    Fedhas [**....]
Gold:   51         SH:  0    Dex: 12    Spells: 7/8 levels left

rFire   . . .        m - +0 falchion
rCold   . . .        (no shield)
rNeg    + . .        b - +0 robe
rPois   .            c - +0 hat
rElec   .            (no cloak)
rCorr   .            (no gloves)
SInv    .            (no boots)
Will    .....        (no amulet)
Stlth   ++           f - ring of positive energy
HPRegen 0.24/turn    (no ring)
MPRegen 0.10/turn

%: no passive effects
@: no status effects
A: horns 1
a: Renounce Religion, Wall of Briars


You were on level 3 of the Dungeon.
You worshipped Fedhas.
Fedhas was pleased with you.
You visited 1 branch of the dungeon, and saw 3 of its levels.

You collected 51 gold pieces.

Inventory:

Hand Weapons
 a - a +0 dagger
 j - a +0 short sword
 k - a +0 flail
 m - a +0 falchion (weapon)
Missiles
 i - 8 stones (quivered)
Armour
 b - a +0 robe (worn)
 c - a +0 hat (worn)
 g - a +0 barding
Jewellery
 f - a ring of positive energy (left hand)
Scrolls
 e - 2 scrolls of identify {unknown}
 l - a scroll of fear {unknown}
Potions
 d - a potion of magic
 h - a potion of brilliance {unknown}


   Skills:
 + Level 0.4 Fighting
 + Level 0.2 Short Blades
 + Level 0.5 Maces & Flails
 + Level 2.4 Dodging
 + Level 1.9 Stealth
 + Level 3.4 Spellcasting
 + Level 1.2 Conjurations
 + Level 1.0 Summonings
 + Level 0.8 Translocations


You had 7 spell levels left.
You knew the following spells:

 Your Spells              Type           Power      Damage    Failure   Level
a - Magic Dart            Conj           24%        1d4       12%         1

Your spell library contained the following spells:

 Spells                   Type           Power      Damage    Failure   Level
 Slow                     Hex            8%         N/A       19%         1
 Call Imp                 Summ           10%        N/A       19%         2
 Blink                    Tloc           10%        N/A       21%         2
 Cigotuvi's Dreadful Rot  Necr/Pois/Air  4%         N/A       28%         2
 Mephitic Cloud           Conj/Pois/Air  3%         N/A       43%         3


Dungeon Overview and Level Annotations

Branches:
Dungeon (3/15)

Altars:
Fedhas


Innate Abilities, Weirdness & Mutations

You have a pair of small horns on your head.


Message History

The jackal closely misses you. The jackal bites you. x2
The jackal barely misses you.
You hit the jackal but do no damage.
You headbutt the jackal, but do no damage.
The jackal is severely wounded.
The jackal barely misses you. x2; The jackal bites you.
You hit the jackal.
You kill the jackal!
Fedhas appreciates your contribution to the ecosystem.
You can now encircle yourself with summoned briar patches.
The jackal closely misses you. The jackal bites you.
* * * LOW HITPOINT WARNING * * *
The jackal barely misses you. The jackal bites you.
* * * LOW HITPOINT WARNING * * *
You see here a jackal corpse.
You barely miss the jackal. Your headbutt misses the jackal.
The jackal is moderately wounded.
The jackal bites you.
* * * LOW HITPOINT WARNING * * *
You hit the jackal but do no damage. You headbutt the jackal.
The jackal is severely wounded.
The jackal bites you.
* * * LOW HITPOINT WARNING * * *
The jackal misses you.
You barely miss the jackal.
The jackal is severely wounded.
The jackal misses you. The jackal barely misses you.
You miss the jackal.
The jackal is severely wounded.
The jackal misses you. The jackal closely misses you.
You barely miss the jackal.
The jackal is severely wounded.
The jackal bites you.
* * * LOW HITPOINT WARNING * * *
The jackal closely misses you.
You barely miss the jackal.
The jackal is severely wounded.
The jackal closely misses you. The jackal bites you.
You die...
Fedhas appreciates your contribution to the ecosystem.

.....# .....#.
....#.. ##### ...#.#
##.... ..... ...#..
##.†.#
##...###...####.
##......)@h...... #
#...........$...####
#. ..#...###......##
.##....##....##..#
..... #..##.# ..#
#.#.# #.##..# )...
####.#.###....##
..#..
.......#...####
....#$ ..##.>.....#
.....


You could see a jackal.

Vanquished Creatures
  A dart slug (D:1)
  3 bats
  5 endoplasms
  A giant cockroach (D:2)
  6 goblins
  3 hobgoblins
  4 jackals
  A quokka (D:2)
  3 ball pythons
  2 frilled lizards
  5 kobolds
  4 rats
38 creatures vanquished.

Notes
Turn   | Place    | Note
-------+----------+-------------------------------------------
     0 | D:1      | EonArisen the Demonspawn Hedge Wizard began the quest for
                  | the Orb.
     0 | D:1      | Reached XP level 1. HP: 13/13 MP: 4/4
   353 | D:1      | Gained mutation: You have a pair of small horns on your
                  | head. [demonic ancestry]
   353 | D:1      | Reached XP level 2. HP: 15/19 MP: 6/6
   653 | D:2      | Found a faded altar of an unknown god.
   663 | D:2      | Prayed at the altar of an unknown god.
   663 | D:2      | Became a worshipper of Fedhas Madash
   663 | D:2      | Reached * piety under Fedhas
   824 | D:2      | Reached XP level 3. HP: 13/25 MP: 7/7
   961 | D:3      | Reached ** piety under Fedhas
   967 | D:3      | HP: 1/25 [jackal (2)]
   968 | D:3      | Slain by a jackal

Illustrated notes

Levels and vault maps discovered:
D:1:      elethiomel_arrival_maze, layout_basic, chequers_avenue
D:2:      layout_basic, hellmonk_ecumenical_altar_run_dry,
          minmay_split_cup_small, uniq_natasha
D:3:      layout_rooms, nicolae_gozag_cash_rules_everything_around_me,
          serial_shops, nicolae_square_shop, st_stairs_7

Skill      XL: |  1  2 |
---------------+-------+-----
Dodging        | 2 |  2.4
Fighting       | |  0.4
Short Blades   | |  0.2
Maces & Flails | |  0.5
Stealth        | |  1.9
Spellcasting   | |  3.4
Conjurations   | |  1.2
Summonings     | |  1.0
Translocations | |  0.8

Action                     || total
---------------------------++-------
  Melee: Dagger            ||    52
         Flail             ||    33
         Headbutt          ||    23
         Falchion          ||    52
   Cast: Magic Dart        ||     2
    Use: Scroll            ||     1
 Armour: Robe              ||    38
  Dodge: Dodged            ||   140

Table legend: (Time is in decaauts)
 A = Elapsed time spent in this place.
 B = Non-inter-level travel time spent in this place.
 C = Inter-level travel time spent in this place.
 D = Time resting spent in this place.
 E = Time spent auto-exploring this place.
 F = Levels seen in this place.
 G = Mean time per level.
                   A        B        C        D        E       F      G
               +--------+--------+--------+--------+--------+-----+--------+
         Total |    994 |    994 |      0 |      0 |     41 |   3 |  331.3 |
       Dungeon |    994 |    994 |      0 |      0 |     41 |   3 |  331.3 |
               +--------+--------+--------+--------+--------+-----+--------+

Top non-repeatable levels by time:
     D:1: 622 daAuts
     D:2: 298 daAuts
     D:3: 73 daAuts
